 Dungeon Crawl Stone Soup version 0.20.1-1-g8b1a95d (webtiles) character file.

49 empire the Slasher (level 3, -1/31 HPs)
             Began as a Minotaur Fighter on July 27, 2017.
             Slain by Paps's ghost (2 damage)
             ... on level 3 of the Dungeon.
             The game lasted 00:02:19 (1466 turns).

empire the Slasher (Minotaur Fighter)               Turns: 1466, Time: 00:02:19

Health: -1/31      AC:  6    Str: 21    XL:     3   Next: 51%
Magic:  2/2        EV:  8    Int:  5    God:
Gold:   71         SH:  9    Dex:  9    Spells: 2/2 levels left

rFire    . . .     SeeInvis .   a - +0 long sword
rCold    . . .     Gourm    .   c - +0 shield
rNeg     . . .     Faith    .   b - +0 scale mail
rPois    .         Spirit   .   (helmet restricted)
rElec    .         Reflect  .   (no cloak)
rCorr    .         Harm     .   (no gloves)
MR       .....                  (no boots)
Stlth    ..........             (no amulet)
Regen    0.1/turn               (no ring)
MPRegen  0.1/turn               (no ring)

@: no status effects
A: retaliatory headbutt, horns 2
a: no special abilities


You were on level 3 of the Dungeon.
You were not hungry.

You visited 1 branch of the dungeon, and saw 3 of its levels.

You collected 71 gold pieces.

Inventory:

Hand Weapons
 a - a +0 long sword (weapon)
 p - a +2 antimagic short sword
Armour
 b - a +0 scale mail (worn)
 c - a +0 shield (worn)
Jewellery
 r - a cursed amulet of inaccuracy {unknown}
Scrolls
 g - a scroll of blinking {unknown}
 i - 4 scrolls of remove curse {unknown}
 k - a scroll of enchant weapon {unknown}
 m - 3 scrolls of identify {unknown}
 n - a scroll of recharging {unknown}
 q - a scroll of fear {unknown}
 t - a scroll of random uselessness {unknown}
 u - a scroll of teleportation {unknown}
Potions
 d - a potion of might
 e - a potion of heal wounds {unknown}
 l - 2 potions of agility {unknown}
 o - a potion of flight {unknown}
Comestibles
 f - 4 bread rations
 h - a royal jelly
 j - 2 meat rations
 s - a chunk of flesh


   Skills:
 - Level 3.6 Fighting
 + Level 4.1 Long Blades
 - Level 3.6 Armour
 - Level 2.0 Dodging
 - Level 3.6 Shields


You had 2 spell levels left.
You didn't know any spells.

Dungeon Overview and Level Annotations

Branches:
Dungeon (3/15)

Altars:
Xom

Annotations:
D:3 Paps's ghost, amateur GrFi


Innate Abilities, Weirdness & Mutations

You reflexively headbutt those who attack you in melee.
You have a pair of horns on your head.


Message History

You block the orc's attack.
The orc wizard hits you but does no damage.
You slash the orc!
You kill the orc!
Your Long Blades skill increases to level 4!
The giant cockroach bites you. The orc wizard hits you with a dagger.
The orc barely misses you.
The giant cockroach bites you but does no damage.
You barely miss the orc.
The orc wizard hits you but does no damage.
Paps's ghost hits you!
* * * LOW HITPOINT WARNING * * *
You block the orc's attack. x2; The giant cockroach barely misses you.
You riposte.
You barely miss the giant cockroach. You headbutt the giant cockroach.
You kill the giant cockroach!
The rat bites you but does no damage.
The orc wizard hits you but does no damage.
Paps's ghost hits you.
You die...

#############
#...........
####.........####
.................
...............##
#........$....
#WS.......# ##.
##@o.....#...
.....#roog###.#
#.....)........
#.................
..................
.........#####.. .
.........# .
.........#
####.....#


You could see an orc wizard, Paps's ghost, an adder, 2 orcs, a goblin and a rat.

Vanquished Creatures
  A dart slug (D:1)
  A leopard gecko (D:1)
  An orc (D:3)
  3 ball pythons (D:1)
  5 giant cockroaches
  5 goblins
  5 hobgoblins
  4 jackals (D:2)
  2 bats (D:2)
  3 frilled lizards
  5 kobolds
  6 rats
41 creatures vanquished.

Notes
Turn   | Place    | Note
-------+----------+-------------------------------------------
     0 | D:1      | empire the Minotaur Fighter began the quest for the Orb.
     0 | D:1      | Reached XP level 1. HP: 19/19 MP: 0/0
    25 | D:1      | Reached skill level 1 in Dodging
   426 | D:1      | Reached XP level 2. HP: 26/26 MP: 1/1
   540 | D:1      | Reached skill level 3 in Long Blades
   885 | D:2      | Reached XP level 3. HP: 30/31 MP: 2/2
  1221 | D:2      | Found a shimmering altar of Xom.
  1455 | D:3      | Noticed Paps's ghost (amateur GrFi)
  1465 | D:3      | Reached skill level 4 in Long Blades
  1466 | D:3      | HP: 1/31 [Paps's ghost (12)]
  1466 | D:3      | Slain by Paps's ghost

Skill      XL: |  1  2  3 |
---------------+----------+-----
Dodging        | 1 2 |  2.0
Long Blades    | 3 4 |  4.1
Fighting       | |  3.6
Armour         | |  3.6
Shields        | |  3.6

Action                   || total
-------------------------++-------
Melee: Long sword        ||    89
       Headbutt          ||    11
  Eat: Chunk             ||     2
Armor: Scale mail        ||    44
Dodge: Dodged            ||    31
Block: Shield            ||    40
       Rpst.: Long sword ||     5
